 Dungeon Crawl Stone Soup version 0.31.0-12-g77e489cdc1 (webtiles) character file.

Game seed: 14458067916026670064

300908 Bnni the Messiah (level 20, -7/193 (194) HPs)
             Began as a Hill Orc Monk on Feb 11, 2024.
             Was the Champion of Beogh.
             Mangled by an ettin
             ... wielding a +0 dire flail
              (19 damage)
             ... on level 5 of the Vaults on Feb 16, 2024.
             The game lasted 02:32:31 (36159 turns).

Bnni the Messiah (Hill Orc Monk)                   Turns: 36159, Time: 02:32:31

HP:   -7/193 (194)  AC: 34    Str: 23    XL:     20   Next: 22%
MP:   35/35         EV: 11    Int: 10    God:    Beogh [******]
Gold: 4408          SH: 23    Dex: 13    Spells: 19/19 levels left

rFire   + . .        P - +6 broad axe (flame)
rCold   + . .        N - +2 tower shield {reflect}
rNeg    . . .        V - +4 gold dragon scales
rPois   +            L - +1 helmet {SInv}
rElec   .            q - +0 cloak
rCorr   +            z - +0 pair of gloves
SInv    +            t - +0 pair of boots of Danugooj {Rampage +Inv rCorr SInv}
Will    +....        G - amulet of regeneration
Stlth   x              - +5 ring of evasion
HPRegen 1.32/turn    E - +4 ring of protection
MPRegen 0.24/turn

%: reflection, rampage
@: mighty, hasted, lightly drained, very quick
A: walk on water
}: 2/15 runes: barnacled, gossamer
a: Renounce Religion, Evoke Invisibility, Smiting, Recall Orcish Followers, Give
Item to Named Follower, Resurrection


You were on level 5 of the Vaults.
You worshipped Beogh.
Beogh was exalted by your worship.
You visited 8 branches of the dungeon, and saw 40 of its levels.
You also visited: Bailey and Gauntlet.

You collected 5077 gold pieces.
You spent 669 gold pieces at shops.

Inventory:

Hand Weapons
 j - a +3 antimagic glaive
 r - the +10 lance "Wyrmbane" {slay drac, rPois rF+ rC+ AC+3}
   (You took it off Margery on level 5 of the Vaults)

   AC+3:      It affects your AC (+3).
   rF+:       It protects you from fire.
   rC+:       It protects you from cold.
   rPois:     It protects you from poison
 P - a +6 broad axe of flaming (weapon)
 Q - a +0 broad axe of draining
 W - the +11 short sword of Kismet {freeze, rElec rC++ rN+++ Int-2}
   (You found it on level 4 of the Shoals)

   Int-2:     It affects your intelligence (-2).
   rC++:      It greatly protects you from cold.
   rElec:     It insulates you from electricity.
   rN+++:     It renders you almost immune to negative energy.
 Z - a +0 demon trident of flaming
Missiles
 a - 2 datura-tipped darts
 m - 9 silver javelins
 o - 41 boomerangs (quivered)
 U - 7 throwing nets
 X - 16 javelins
Armour
 q - a +0 cloak (worn)
 t - the +0 pair of boots of Danugooj (worn) {Rampage +Inv rCorr SInv}
   (You found it on level 2 of the Spider Nest)

   SInv:      It lets you see invisible.
   +Inv:      It lets you turn invisible.
   rCorr:     It protects you from acid and corrosion.
   Rampage:   It bestows one free step when moving towards enemies.
 z - a +0 pair of gloves (worn)
 L - a +1 helmet of see invisible (worn)
 N - a +2 tower shield of reflection (worn)
 S - +2 swamp dragon scales
 T - the +6 chain mail of Vyxteher {rN++}
   (You found it on level 2 of the Spider Nest)

   rN++:      It greatly protects you from negative energy.
 V - +4 gold dragon scales (worn)
Jewellery
 n - a ring of resist corrosion
 x - a +5 ring of evasion (left hand)
 y - a ring of ice
 E - a +4 ring of protection (right hand)
 G - an amulet of regeneration (around neck)
 M - a ring of flight
Wands
 i - a wand of roots (24)
 p - a wand of flame (38)
 D - a wand of digging (5)
 F - a wand of light (12)
Scrolls
 e - 2 scrolls of fog
 f - 3 scrolls of immolation
 k - 15 scrolls of teleportation
 l - 9 scrolls of revelation
 s - 9 scrolls of blinking
 v - 2 scrolls of summoning
 H - 3 scrolls of vulnerability
 J - 9 scrolls of identify
 K - 5 scrolls of fear
Potions
 b - 3 potions of enlightenment
 c - 10 potions of ambrosia
 g - 6 potions of haste
 h - 4 potions of cancellation
 u - 7 potions of curing
 w - 8 potions of mutation
 A - 5 potions of might
 B - 5 potions of attraction
 I - 4 potions of magic
 R - 3 potions of resistance
 Y - 3 potions of invisibility
Miscellaneous
 d - a phial of floods
 O - a phantom mirror


   Skills:
 + Level 20.3 Fighting
 - Level 18.0 Axes
 - Level 7.5 Throwing
 + Level 13.1 Armour
 - Level 4.3 Dodging
 * Level 21.2 Shields
 + Level 22.8 Invocations


You had 19 spell levels left.
You didn't know any spells.
Your spell library contained the following spells:

 Spells                   Type           Power      Damage    Failure   Level
 Apportation              Tloc           0%         N/A       100%        1
 Necrotise                Necr           0%         1d4       100%        1
 Sandblast                Erth           0%         2d4       100%        1
 Sting                    Conj/Alch      0%         1d3       100%        1
 Summon Small Mammal      Summ           0%         N/A       100%        1
 Blink                    Tloc           0%         N/A       100%        2
 Call Imp                 Summ           0%         N/A       100%        2
 Ensorcelled Hibernation  Hex/Ice        0%         N/A       100%        2
 Jinxbite                 Hex            0%         N/A       100%        2
 Lesser Beckoning         Tloc           0%         N/A       100%        2
 Mercury Vapours          Alch/Air       0%         N/A       100%        2
 Momentum Strike          Conj/Tloc      0%         3d8       100%        2
 Scorch                   Fire           0%         2d5       100%        2
 Sublimation of Blood     Necr           0%         N/A       100%        2
 Call Canine Familiar     Summ           0%         N/A       100%        3
 Dazzling Flash           Conj/Hex       0%         N/A       100%        3
 Fugue of the Fallen      Necr           0%         N/A       100%        3
 Gell's Gravitas          Tloc           0%         N/A       100%        3
 Inner Flame              Hex/Fire       0%         N/A       100%        3
 Mephitic Cloud           Conj/Alch/Air  0%         N/A       100%        3
 Ozocubu's Armour         Ice            0%         N/A       100%        3
 Passwall                 Erth           0%         N/A       100%        3
 Stone Arrow              Conj/Erth      0%         3d7       100%        3
 Swiftness                Air            0%         N/A       100%        3
 Teleport Other           Tloc           0%         N/A       100%        3
 Tukima's Dance           Hex            0%         N/A       100%        3
 Volatile Blastmotes      Fire/Tloc      0%         2d10      100%        3
 Animate Armour           Summ/Erth      0%         N/A       100%        4
 Brom's Barrelling Bould  Conj/Erth      0%         2d3       100%        4
 Cause Fear               Hex            0%         N/A       100%        4
 Dimensional Bullseye     Hex/Tloc       0%         N/A       100%        4
 Flame Wave               Conj/Fire      0%         2d4       100%        4
 Fulminant Prism          Conj/Alch      0%         3d5       100%        4
 Iskenderun's Mystic Bla  Conj/Tloc      0%         2d3       100%        4
 Manifold Assault         Tloc           0%         N/A       100%        4
 Olgreb's Toxic Radiance  Alch           0%         N/A       100%        4
 Passage of Golubria      Tloc           0%         N/A       100%        4
 Sticky Flame             Fire/Alch      0%         2d4       100%        4
 Summon Blazeheart Golem  Fire/Summ      0%         N/A       100%        4
 Summon Lightning Spire   Summ/Air       0%         N/A       100%        4
 Fireball                 Conj/Fire      0%         3d3       100%        5
 Freezing Cloud           Conj/Ice/Air   0%         6-21      100%        5
 Iskenderun's Battlesphe  Conj           0%         2d6       100%        5
 Lee's Rapid Deconstruct  Erth           0%         3d4*      100%        5
 Silence                  Hex/Air        0%         N/A       100%        5
 Yara's Violent Unravell  Hex/Alch       0%         3d3       100%        5
 Conjure Ball Lightning   Conj/Air       0%         3x3d6     100%        6
 Dispersal                Tloc           0%         N/A       100%        6
 Summon Cactus Giant      Summ           0%         N/A       100%        6
 Enfeeble                 Hex            0%         N/A       100%        7
 Orb of Destruction       Conj           0%         9d5       100%        7
 Ozocubu's Refrigeration  Ice            0%         4d7       100%        7
 Summon Hydra             Summ           0%         N/A       100%        7
 Discord                  Hex            0%         N/A       100%        8
 Disjunction              Tloc           0%         N/A       100%        8
 Lehudib's Crystal Spear  Conj/Erth      0%         10d2      100%        8
 Dragon's Call            Summ           0%         N/A       100%        9


Dungeon Overview and Level Annotations

Branches:
Dungeon (15/15)            Temple (1/1) D:7            Lair (5/5) D:9
 Shoals (4/4) Lair:2       Spider (4/4) Lair:2        Slime (0/5) Lair:5
    Orc (2/2) D:12            Elf (0/3) Orc:2        Vaults (5/5) D:14
 Depths (4/4) D:15            Zot (0/5) Depths:4     Bailey (visited)
Gauntlet (visited)
  Crypt: Vaults:2-3

Altars:
Ashenzari
Cheibriados
Dithmenos
Elyvilon
Fedhas
Gozag
Hepliaklqana
Kikubaaqudgha
Makhleb
Nemelex Xobeh
Okawaru
Qazlal
Ru
Sif Muna
Trog
Uskayaw
Vehumet
Wu Jian
Xom
Yredelemnul
Zin
The Shining One
Beogh

Shops:
D:1 ?   D:5 !*:   Orc:2 ?[?[   Shoals:2 [=   Vaults:3 **[*

Portals:
Hell: Depths:1 Depths:3

Annotations:
D:4 3 runed translucent doors, Henri's ghost, amateur TrGl
Vaults:5 Jory


Message History

You block the vault guard's attack.
The vault guard hits you from afar with a +0 halberd!
* * * LOW HITPOINT WARNING * * *
The vault guard moves out of view.
An ironbound preserver comes into view. It is wielding a +0 dire flail.
You are too injured to fight recklessly!
Unknown command.
Unknown command.
You are too injured to fight recklessly!
You are too injured to fight recklessly!
Unknown command.
You are too injured to fight recklessly!
Unknown command.
You are too injured to fight recklessly!
Unknown command.
You are too injured to fight recklessly!
Unknown command.
You are too injured to fight recklessly!
Unknown command.
You are too injured to fight recklessly!
Unknown command.
You are too injured to fight recklessly!
You slash the ettin! You burn the ettin.
The ettin is heavily wounded.
You hit the vault guard. You burn the vault guard.
You hit the yaktaur captain but do no damage.
You slash the vault guard! You burn the vault guard. You hit the tengu reaver.
You burn the tengu reaver.
You hit the vault guard but do no damage.
You hit Jory but do no damage. You slash the ettin! You burn the ettin.
The ettin is severely wounded.
You hit the yaktaur captain. You burn the yaktaur captain.
You hit the vault guard. You burn the vault guard. You slice the tengu reaver!!
You burn the tengu reaver. You slash the vault guard! You burn the vault guard.
You slice Jory!! You burn Jory!
You hit the vault guard but do no damage.
Your orc knight no longer looks unusually strong.
The ettin hits you with a +0 dire flail!!
You die...

#.|[[/##.#...#.##
#.ppp#.).:##.#.....#.#
#..pp#...##.#.......#.
#p..p#.|##.#...).....#
#GppD#.##.#...........
#pcCp###o#............
..#..pp##o#o............
....9pppo#.o............
#...ppQ@p###############
.....OCVcT.....
.......OWW.....
###############


You could see Jory, an ironbound preserver, a storm dragon, a stone giant, a
tengu reaver (repels missiles), 2 yaktaur captains, 18 vault guards, an ettin
(ally target), an eye of devastation, an ogre mage (invisible), a war gargoyle,
2 phantasmal warriors, a deep troll earth mage, an ogre (fast), the friendly
Norbak the orc warlord (strong), the friendly Ugbert the orc warlord and a
friendly orc knight.

Vanquished Creatures
  A bone dragon (Depths:4)
  2 sphinxes
  A titan (Vaults:5)
  Kirke (D:14)
  A draconian monk (Depths:4)
  3 fire giants
  5 vault wardens
  2 emperor scorpions (Spider:4)
  6 ironbound preservers
  3 very ugly things
  The ghost of Henri the Unseen, an adept VSEn of Wu Jian (Lair:5)
  A deep elf death mage (Vaults:5)
  2 ironbound thunderhulks
  A white draconian (Depths:4)
  4 dire elephants
  A spark wasp (Spider:1)
  A minotaur (Gauntlet)
  Snorg (D:13)
  5 ettins
  A merfolk javelineer (Shoals:4)
  A merfolk impaler (Shoals:4)
  5 yaktaur captains
  A great orb of eyes (Vaults:4)
  A peacekeeper (Vaults:4)
  3 hydras
  5 vault guards
  8 centaur warriors
  An ogre mage (Orc:2)
  3 merfolk avatars
  An alligator snapping turtle (Shoals:4)
  3 death yaks
  2 ironbound frosthearts (Vaults:4)
  7 demonic crawlers
  3 boulder beetles
  A tengu warrior (D:13)
  2 satyrs (Shoals:4)
  A deep troll shaman (Depths:3)
  A deep troll earth mage (Depths:4)
  9 two-headed ogres
  3 orc high priests
  2 sun demons (Depths:1)
  An iron troll (Depths:3)
  3 skeletal warriors (D:13)
  3 sixfirhies (Gauntlet)
  4 deep trolls
  2 skysharks
  A glowing orange brain (Vaults:2)
  A sun moth (Spider:4)
  5 orb spiders
  5 sea snakes
  5 harpies
  3 orc knights
  An ironbound convoker (Vaults:3)
  2 steelbarb worms
  2 lindwurms
  2 shining eyes (Depths:1)
  2 cyclopes
  2 deep elf pyromancers
  5 wolf spiders
  2 necromancers
  4 fauns
  3 orc sorcerers
  4 ugly things
  2 oklob plants (Lair:5)
  Maurice (D:8)
  8 manticores
  8 elephants
  A stone giant skeleton (Vaults:3)
  3 kobold blastminers (Orc:2)
  2 meliai (Spider:4)
  2 moths of wrath (Spider:1)
  4 merfolk sirens
  A smoke demon (Gauntlet)
  5 vault sentinels
  4 cane toads
  2 black mambas
  3 water nymphs (Shoals:4)
  A guardian serpent (shapeshifter) (Vaults:5)
  2 gargoyles (D:10)
  4 torpor snails
  A cane toad (shapeshifter) (D:13)
  Jeremiah (D:7)
  5 komodo dragons
  19 yaktaurs
  3 rime drakes
  Psyche (D:8)
  An unseen horror (D:12)
  A kobold demonologist (D:12)
  4 tengu conjurers (D:15)
  A yaktaur (shapeshifter) (Vaults:3)
  A polar bear (Lair:5)
  5 trolls
  A red devil (Gauntlet)
  Prince Ribbit (D:7)
  10 merfolk
  8 tarantellas
  2 dream sheep (Shoals:3)
  A wind drake (Shoals:4)
  2 human simulacra (Vaults:3)
  5 snapping turtles
  5 blink frogs
  11 jumping spiders
  15 slime creatures
  3 water elementals (Shoals:4)
  7 culicivoras
  2 centaur simulacra (Gauntlet)
  30 yaks
  A wraith (D:8)
  2 hogs (D:14)
  3 humans (Bailey)
  2 wyverns
  A vampire (D:12)
  4 basilisks
  4 vampire mosquitoes (D:13)
  5 steam dragons
  22 redbacks
  Menkaure (D:7)
  2 acid dragons (D:9)
  7 water moccasins
  3 ice beasts
  3 sky beasts
  6 black bears
  8 orc warriors
  3 ogres
  10 centaurs
  8 wolves
  A phantom (D:6)
  5 kobold brigands
  Blork the orc (D:6)
  21 bullfrogs
  2 gnoll sergeants
  3 scorpions
  6 killer bees (D:8)
  3 howler monkeys (D:11)
  3 bombardier beetles
  2 crimson imps (Gauntlet)
  Crazy Yiuf (D:2)
  7 orc priests
  A wyvern simulacrum (Gauntlet)
  3 hounds
  A jelly (D:5)
  A sleepcap (D:5)
  A gnoll bouda (D:3)
  Jessica (D:2)
  5 iguanas
  7 orc wizards
  A hound zombie (D:4)
  20 gnolls
  8 adders
  A shadow imp (D:5)
  A white imp (D:6)
  2 ufetubi (D:6)
  2 ribbon worms
  2 dart slugs (D:3)
  28 orcs
  7 bats
  7 endoplasms
  2 giant cockroaches
  12 goblins
  11 hobgoblins
  11 jackals
  4 quokkas
  4 ball pythons
  2 frilled lizards
  25 kobolds
  A quokka zombie (D:4)
  2 rats
  3 tentacles (Shoals:4)
693 creatures vanquished.

Vanquished Creatures (collateral kills)
  A juggernaut (Depths:3)
  Boris (Depths:3)
  A golden dragon (Depths:4)
  Margery (Vaults:5)
  Arachne (Spider:2)
  A bone dragon (Depths:4)
  A hellephant (Vaults:5)
  Jorgrun (Spider:2)
  A tentacled monstrosity (Vaults:5)
  A quicksilver dragon (Vaults:5)
  4 sphinxes
  A kraken (Shoals:4)
  A shadow dragon (Depths:4)
  2 tengu reavers
  Ilsuiw (Shoals:4)
  2 fire giants
  3 emperor scorpions
  12 vault wardens
  A ghost moth (Spider:1)
  3 frost giants
  An iron dragon (Vaults:5)
  2 broodmothers
  3 ironbound preservers (Vaults:3)
  A draconian annihilator (Depths:4)
  5 very ugly things
  4 stone giants
  2 green draconians (Depths:4)
  2 deep elf death magi
  A war gargoyle (Vaults:5)
  3 white draconians (Depths:4)
  7 spark wasps
  10 dire elephants
  5 merfolk javelineers
  A crystal guardian (Vaults:4)
  2 jiangshi (Depths:1)
  An ettin (Vaults:5)
  4 merfolk impalers
  4 yaktaur captains
  2 entropy weavers
  2 vault guards
  A great orb of eyes (Vaults:3)
  A rakshasa (Depths:1)
  5 centaur warriors
  A hydra (D:14)
  3 merfolk avatars
  4 boulder beetles
  3 jorogumos
  Harold (Lair:1)
  2 ice dragons
  2 ogre magi
  A radroach (Spider:4)
  A catoblepas (Lair:5)
  3 merfolk aquamancers (Shoals:4)
  3 satyrs
  9 two-headed ogres
  4 ironbound frosthearts
  5 death yaks
  A deep troll shaman (Depths:3)
  4 demonic crawlers
  A vampire mage (Depths:1)
  Urug (Lair:1)
  2 orc high priests
  An occultist (Depths:2)
  3 tengu warriors
  9 hell knights
  A spriggan berserker (Depths:4)
  5 skysharks
  5 sun demons (Depths:1)
  2 pharaoh ants
  9 sea snakes
  Amaemon (Lair:2)
  8 deep trolls
  4 sun moths
  4 orb spiders
  7 lindwurms
  5 arcanists
  4 steelbarb worms
  A deep elf pyromancer (D:15)
  6 ironbound convokers
  2 phantasmal warriors
  3 harpies
  2 orc sorcerers
  2 oklob plants (Lair:5)
  6 orc knights
  4 necromancers
  11 ugly things
  13 wolf spiders
  6 fauns
  A cyclops (Shoals:3)
  8 manticores
  A salamander (Depths:1)
  A meliai (Spider:4)
  4 moths of wrath
  6 merfolk sirens
  A kobold blastminer (Orc:2)
  A guardian serpent (shapeshifter) (Depths:4)
  10 elephants
  3 water nymphs
  An orange demon (Lair:2)
  6 vault sentinels
  3 black mambas (Lair:5)
  A gargoyle (D:10)
  4 torpor snails
  6 cane toads
  4 rime drakes
  A komodo dragon (Lair:5)
  17 yaktaurs
  A tengu conjurer (Depths:1)
  2 trolls
  15 merfolk
  2 wind drakes
  5 tarantellas
  A hornet (shapeshifter) (D:15)
  A hornet (Lair:5)
  2 polar bears
  4 blink frogs
  4 snapping turtles
  A glass eye (Depths:3)
  5 dream sheep
  A snapping turtle (shapeshifter) (Vaults:5)
  8 slime creatures
  21 jumping spiders
  2 wyverns
  A yak (shapeshifter) (D:15)
  13 culicivoras
  A vampire (D:14)
  26 yaks
  2 hogs (D:14)
  A water elemental (Shoals:3)
  A hog (shapeshifter) (D:15)
  3 fire bats (Orc:2)
  4 wargs
  28 redbacks
  2 basilisks
  6 water moccasins
  A hell hound (Depths:1)
  12 orc warriors
  6 ogres
  5 wolves
  A centaur (Shoals:2)
  6 bullfrogs
  An electric eel (Lair:2)
  A gnoll bouda (Lair:4)
  4 orc priests
  2 orc wizards
  A gnoll (Bailey)
  4 orcs
  2 butterflies (Lair:4)
  A tentacle (Shoals:4)
573 creatures vanquished.

Vanquished Creatures (others)
  5 orc warlords
  An orc sorcerer (Depths:3)
  A fire giant (Depths:1)
  A purple draconian (Depths:4)
  4 orc high priests
  6 orc knights
  A sea snake (Shoals:4)
  7 orc warriors
  6 orc priests
  A water moccasin (Lair:5)
  A sky beast (D:9)
  9 orc wizards
  30 orcs
  A tentacle (Shoals:4)
74 creatures vanquished.

Grand Total: 1340 creatures vanquished

Notes
Turn   | Place    | Note
-------+----------+-------------------------------------------
     0 | D:1      | Bnni the Hill Orc Monk began the quest for the Orb.
     0 | D:1      | Reached XP level 1. HP: 19/19 MP: 1/1
   183 | D:1      | Reached XP level 2. HP: 27/27 MP: 2/2
   526 | D:1      | Found Otagouq's Magic Scroll Shop.
   533 | D:1      | Bought a scroll of identify for 22 gold pieces
  1092 | D:2      | Reached skill level 5 in Axes
  1094 | D:2      | Reached XP level 3. HP: 19/33 MP: 3/3
  1685 | D:2      | Found a faded altar of an unknown god.
  1743 | D:2      | Noticed Jessica
  1757 | D:2      | Killed Jessica
  1758 | D:2      | Reached XP level 4. HP: 11/41 MP: 4/4
  2046 | D:2      | Found a runed translucent door.
  2047 | D:2      | Noticed Crazy Yiuf
  2071 | D:2      | Killed Crazy Yiuf
  2521 | D:1      | Bought a scroll of blinking for 82 gold pieces
  2666 | D:3      | Reached XP level 5. HP: 46/47 MP: 5/5
  2674 | D:3      | Reached skill level 5 in Fighting
  2949 | D:3      | Identified the +2 ring mail "Belofi" {rF+ rCorr}
  3627 | D:3      | Reached XP level 6. HP: 25/56 MP: 6/6
  4601 | D:4      | Found a runed translucent gate.
  4601 | D:4      | Noticed Henri's ghost (amateur TrGl)
  4602 | D:4      | Found a runed translucent gate.
  4602 | D:4      | Found a runed translucent gate.
  4609 | D:4      | Found a basalt altar of Yredelemnul.
  4738 | D:4      | Found a burning altar of Makhleb.
  4739 | D:4      | Found a white marble altar of Elyvilon.
  4819 | D:4      | Reached XP level 7. HP: 55/63 MP: 7/7
  4932 | D:4      | Found a broken altar of Ashenzari.
  5088 | D:5      | Entered Level 5 of the Dungeon
  5397 | D:5      | Found Otaasy's General Store.
  5502 | D:5      | Found Boraonn's Book Boutique.
  5581 | D:5      | Found Umeywk's Distillery.
  5589 | D:5      | Bought a potion of curing for 42 gold pieces
  5679 | D:5      | Reached skill level 10 in Axes
  5697 | D:5      | Reached XP level 8. HP: 67/73 MP: 8/8
  6258 | D:5      | Bought a potion of heal wounds for 70 gold pieces
  6335 | D:6      | Identified the +6 mace "Qibruidgh" {drain, Str+3}
  6725 | D:6      | Noticed Blork the orc
  6731 | D:6      | Killed Blork the orc
  7125 | D:7      | Reached XP level 9. HP: 77/82 MP: 9/9
  7431 | D:7      | Noticed Prince Ribbit
  7436 | D:7      | Found a staircase to the Ecumenical Temple.
  7438 | D:7      | Killed Prince Ribbit
  7473 | Temple   | Entered the Ecumenical Temple
  7545 | D:7      | Noticed Menkaure
  7547 | D:7      | Killed Menkaure
  7674 | D:7      | Became a worshipper of Beogh the Brigand
  7674 | D:7      | Reached * piety under Beogh
  7674 | D:7      | Reached ** piety under Beogh
  7991 | D:7      | Noticed Jeremiah
  8004 | D:7      | Killed Jeremiah
  8005 | D:7      | Reached skill level 1 in Invocations
  8039 | D:7      | Reached skill level 10 in Fighting
  8039 | D:7      | Reached skill level 2 in Invocations
  8326 | D:8      | Noticed a two-headed ogre
  8336 | D:8      | Killed a two-headed ogre
  8337 | D:8      | Reached skill level 15 in Axes
  8337 | D:8      | Reached skill level 3 in Invocations
  8337 | D:8      | Reached XP level 10. HP: 80/94 MP: 12/12
  8395 | D:8      | Noticed Maurice
  8400 | D:8      | Paralysed by something for 2 turns
  8403 | D:8      | Paralysed by something for 3 turns
  8407 | D:8      | Something stole a +2 dagger of venom
  8408 | D:8      | Something stole a ring of resist corrosion
  8409 | D:8      | Killed Maurice
  8410 | D:8      | Reached skill level 4 in Invocations
  8667 | D:8      | Noticed Psyche
  8673 | D:8      | Killed Psyche
  8884 | D:8      | Reached skill level 5 in Invocations
  9118 | D:9      | Found a staircase to the Lair.
  9124 | D:9      | Noticed a two-headed ogre
  9134 | D:9      | Reached skill level 6 in Invocations
  9382 | D:8      | Killed a two-headed ogre
  9383 | D:8      | Reached skill level 7 in Invocations
  9383 | D:8      | Reached XP level 11. HP: 27/104 MP: 16/16
  9640 | D:9      | Noticed a two-headed ogre
  9645 | D:9      | Reached skill level 8 in Invocations
  9647 | D:9      | Killed a two-headed ogre
  9647 | D:9      | Reached *** piety under Beogh
  9916 | D:9      | Noticed a two-headed ogre
  9924 | D:9      | Killed a two-headed ogre
  9925 | D:9      | Reached skill level 9 in Invocations
 10161 | D:9      | Found a bloodstained altar of Trog.
 11100 | D:10     | Entered Level 10 of the Dungeon
 11103 | D:10     | Noticed a stone giant
 11465 | D:10     | Found a flagged portal.
 11496 | Bailey   | Entered a bailey
 11547 | Bailey   | Reached skill level 1 in Shields
 11605 | Bailey   | Reached **** piety under Beogh
 11774 | Bailey   | Noticed a vault guard
 11789 | Bailey   | Killed a vault guard
 11882 | Bailey   | Noticed a vault guard
 11893 | Bailey   | Killed a vault guard
 11894 | Bailey   | Reached skill level 10 in Invocations
 11894 | Bailey   | Reached XP level 12. HP: 82/115 MP: 19/19
 12022 | D:10     | Found the +6 shillelagh "Devastator" {shatter}
 12052 | D:10     | Found the +5 glaive of the Guard {elec, spectral}
 12070 | D:10     | Noticed a two-headed ogre
 12076 | D:10     | Killed a two-headed ogre
 12843 | D:11     | Reached skill level 5 in Shields
 12959 | D:11     | You fall into a shaft and drop 2 floors!
 12972 | D:13     | Noticed a centaur warrior
 12985 | D:13     | Killed a centaur warrior
 13160 | D:13     | Noticed a centaur warrior
 13165 | D:13     | Killed a centaur warrior
 13316 | D:13     | Noticed a tengu warrior
 13327 | D:13     | Killed a tengu warrior
 13637 | D:13     | Reached skill level 11 in Invocations
 13832 | D:12     | Found a bloodstained altar of Trog.
 13912 | D:12     | Reached ***** piety under Beogh
 14194 | D:12     | Noticed a sun demon
 14196 | D:12     | Noticed a sun demon
 14955 | D:12     | Found a staircase to the Orcish Mines.
 15641 | D:12     | Identified a scroll of acquirement
 15644 | D:12     | Acquired a manual of Shields
 16029 | D:13     | Noticed Snorg
 16036 | D:13     | Killed Snorg
 16037 | D:13     | Reached XP level 13. HP: 109/124 MP: 21/21
 16432 | D:13     | Reached skill level 12 in Invocations
 16436 | D:13     | Reached skill level 10 in Shields
 17474 | D:14     | Noticed Kirke
 17981 | D:14     | Noticed a sphinx
 17986 | D:14     | Killed Kirke
 18297 | D:14     | Found a gate to the Vaults.
 18317 | D:14     | Gained Urtork as an ally
 18318 | D:14     | Reached skill level 15 in Fighting
 18949 | Lair:1   | Entered Level 1 of the Lair of Beasts
 19041 | Orc:1    | Entered Level 1 of the Orcish Mines
 19047 | Orc:1    | Reached skill level 13 in Invocations
 19051 | Orc:1    | Found a roughly hewn altar of Beogh.
 19225 | Orc:1    | Found a roughly hewn altar of Beogh.
 19284 | Orc:1    | Paralysed by an orc sorcerer for 2 turns
 19294 | Orc:1    | Paralysed by an orc sorcerer for 5 turns
 20135 | Lair:1   | Identified the +6 scale mail "Naojuomp" {rElec rF- rN++}
 20169 | Lair:1   | Noticed Harold
 20176 | Lair:1   | Killed Harold
 20178 | Lair:1   | Reached XP level 14. HP: 103/135 MP: 24/24
 20329 | Lair:1   | Reached skill level 1 in Armour
 20734 | Lair:1   | Noticed Urug
 20747 | Lair:1   | Killed Urug
 21030 | Lair:1   | Reached skill level 15 in Shields
 21509 | Lair:2   | Reached skill level 14 in Invocations
 21716 | Lair:2   | Found a staircase to the Shoals.
 21930 | Lair:2   | Found a hole to the Spider Nest.
 21934 | Lair:2   | Noticed Amaemon
 21947 | Lair:2   | Killed Amaemon
 23166 | Lair:4   | Gained Syrus as an ally
 23240 | Lair:4   | Gained Olfrun as an ally
 23412 | Lair:4   | Found a broken altar of Ashenzari.
 24141 | Lair:5   | Entered Level 5 of the Lair of Beasts
 24186 | Lair:5   | Reached ****** piety under Beogh
 24189 | Lair:5   | Noticed Henri's ghost (adept VSEn)
 24194 | Lair:5   | Reached skill level 15 in Invocations
 24206 | Lair:5   | Reached skill level 5 in Armour
 24367 | Lair:5   | Reached XP level 15. HP: 140/144 MP: 26/26
 24431 | Lair:5   | Found a runed translucent gate.
 24432 | Lair:5   | Found a runed translucent gate.
 24448 | Lair:5   | Found a staircase to the Slime Pits.
 24489 | Lair:5   | Gained Ugbert as an ally
 24931 | Lair:5   | Found a runed translucent gate.
 24937 | Lair:5   | Reached skill level 16 in Invocations
 24946 | Lair:5   | Killed Henri's ghost
 25279 | Orc:2    | Entered Level 2 of the Orcish Mines
 25290 | Orc:2    | Noticed an orc warlord
 25368 | Orc:2    | Noticed an orc warlord
 25386 | Orc:2    | Found a gate leading to a gauntlet.
 25398 | Gauntlet | Entered a Gauntlet
 25398 | Gauntlet | Found a transporter.
 25398 | Gauntlet | Found a transporter.
 25447 | Gauntlet | Found a transporter.
 25447 | Gauntlet | Found a transporter.
 25460 | Gauntlet | Found a transporter.
 25469 | Gauntlet | Found a transporter.
 25475 | Gauntlet | Found a large runed translucent door.
 25476 | Gauntlet | Found a large runed translucent door.
 25477 | Gauntlet | Found a large runed translucent door.
 25477 | Gauntlet | Found a large runed translucent door.
 25478 | Gauntlet | Found a large runed translucent door.
 25478 | Gauntlet | Found a large runed translucent door.
 25478 | Gauntlet | Found a runed translucent gate.
 25478 | Gauntlet | Found a runed translucent door.
 25479 | Gauntlet | Found a transporter.
 25479 | Gauntlet | Found a runed translucent gate.
 25479 | Gauntlet | Found a transporter.
 25480 | Gauntlet | Found a runed translucent gate.
 25481 | Gauntlet | Found a large runed translucent door.
 25481 | Gauntlet | Found a large runed translucent door.
 25482 | Gauntlet | Found a large runed translucent door.
 25483 | Gauntlet | Found a large runed translucent door.
 25492 | Gauntlet | Found a large runed translucent door.
 25492 | Gauntlet | Found a large runed translucent door.
 25492 | Gauntlet | Found a runed translucent door.
 25501 | Gauntlet | Found a transporter.
 25508 | Gauntlet | Found a transporter.
 25517 | Gauntlet | Found a large runed translucent door.
 25518 | Gauntlet | Found a large runed translucent door.
 25520 | Gauntlet | Found a transporter.
 25538 | Gauntlet | Found a transporter.
 25583 | Gauntlet | Found a transporter.
 25603 | Gauntlet | Found a transporter.
 25697 | Gauntlet | Found a transporter.
 25711 | Gauntlet | Found a transporter.
 25727 | Gauntlet | Found a large runed translucent door.
 25727 | Gauntlet | Found a large runed translucent door.
 26042 | Gauntlet | Reached skill level 1 in Throwing
 26083 | Gauntlet | Identified the +4 rapier of Coaman {drain, rCorr Str-4
                  | Int+3 Dex+6}
 26121 | Gauntlet | Got the Volume of Orientation
 26373 | Orc:2    | Found a staircase to the Elven Halls.
 26689 | Orc:2    | Found Zoinalekk's Magic Scroll Shop.
 26689 | Orc:2    | Found Lirikuk's Armour Shoppe.
 26691 | Orc:2    | Found Wunoavve's Armour Shoppe.
 26691 | Orc:2    | Found Qesoh's Magic Scroll Shop.
 26700 | Orc:2    | Bought a scroll of brand weapon for 114 gold pieces
 26702 | Orc:2    | Bought a scroll of blinking for 75 gold pieces
 26708 | Orc:2    | Bought a +1 helmet of see invisible for 264 gold pieces
 27174 | Spider:1 | Entered Level 1 of the Spider Nest
 27350 | Spider:1 | Noticed a ghost moth
 27358 | Spider:1 | Killed a ghost moth
 27397 | Spider:1 | Reached XP level 16. HP: 135/154 MP: 14/28
 27397 | Spider:1 | Gained Bogric as an ally
 27398 | Spider:1 | Reached skill level 17 in Invocations
 27880 | Spider:2 | Identified the +6 chain mail of Vyxteher {rN++}
 27989 | Spider:2 | Noticed Arachne
 27997 | Spider:2 | Killed Arachne
 28001 | Spider:2 | Identified the +0 pair of boots of Danugooj {Rampage +Inv
                  | rCorr SInv}
 28062 | Spider:3 | Noticed Jorgrun
 28109 | Spider:2 | Killed Jorgrun
 28128 | Spider:2 | Reached skill level 5 in Throwing
 28184 | Spider:2 | Gained Ugbert as an ally
 28498 | Spider:2 | Reached skill level 18 in Invocations
 28672 | Spider:4 | Entered Level 4 of the Spider Nest
 28706 | Spider:4 | Gained Norbak as an ally
 28833 | Spider:4 | Reached XP level 17. HP: 128/163 MP: 28/30
 28861 | Spider:4 | Got a gossamer rune of Zot
 28865 | Spider:4 | Got a milky-white gem with 740 turns to spare
 29239 | Shoals:1 | Entered Level 1 of the Shoals
 29276 | Shoals:2 | Found Juesut's Armour Shoppe.
 29289 | Shoals:2 | Reached skill level 19 in Invocations
 29336 | Shoals:2 | Your ally Olfrun died
 29341 | Shoals:2 | Found Datidow's Jewellery Boutique.
 29446 | Shoals:2 | Found a bloodstained altar of Trog.
 30024 | Shoals:4 | Entered Level 4 of the Shoals
 30198 | Shoals:4 | Gained Norbak as an ally
 30203 | Shoals:4 | HP: 8/165 [Urtork the orc sorcerer] (8)]
 30205 | Shoals:4 | Got a barnacled rune of Zot
 30209 | Shoals:4 | Got an azure gem with 851 turns to spare
 30411 | Shoals:4 | Reached skill level 20 in Invocations
 30526 | Shoals:4 | Got the Quarto of Execration
 30648 | Shoals:4 | Noticed Ilsuiw
 30665 | Shoals:4 | Reached skill level 10 in Armour
 30673 | Shoals:4 | Killed Ilsuiw
 30863 | Shoals:4 | Noticed a kraken
 30871 | Shoals:4 | Killed a kraken
 31084 | Shoals:4 | Identified the +11 short sword of Kismet {freeze, rElec
                  | rC++ rN+++ Int-2}
 31408 | D:15     | Entered Level 15 of the Dungeon
 31444 | D:15     | Reached XP level 18. HP: 169/173 MP: 29/32
 31534 | D:15     | Found a white marble altar of Elyvilon.
 31794 | D:15     | Found a staircase to the Depths.
 31996 | Depths:1 | Entered Level 1 of the Depths
 32015 | Depths:1 | Found a gateway to Hell.
 32231 | Depths:3 | Reached skill level 21 in Invocations
 32269 | Depths:4 | Entered Level 4 of the Depths
 32270 | Depths:4 | Noticed a juggernaut
 32284 | Depths:3 | Killed a juggernaut
 32571 | Depths:4 | Noticed a bone dragon
 32586 | Depths:4 | Killed a bone dragon
 32612 | Depths:4 | HP: 3/174 [white draconian/blast of cold (39)]
 32778 | Depths:4 | Noticed a golden dragon
 32780 | Depths:4 | Noticed a bone dragon
 32781 | Depths:4 | Found a gate to the Realm of Zot.
 32784 | Depths:4 | Killed a golden dragon
 32790 | Depths:4 | Killed a bone dragon
 32795 | Depths:4 | Got a midnight gem with 2210 turns to spare
 32979 | Depths:3 | Your ally Urtork died
 33092 | Depths:3 | Noticed Boris
 33092 | Depths:3 | Your ally Syrus died
 33100 | Depths:3 | Killed Boris
 33266 | Depths:1 | Noticed a caustic shrike
 33420 | Vaults:1 | Entered Level 1 of the Vaults
 33576 | Vaults:1 | Identified the +0 barding "Simo" {Rampage}
 33952 | Vaults:1 | Gained Morun as an ally
 33957 | Vaults:1 | Reached XP level 19. HP: 183/183 MP: 33/33
 34478 | Vaults:2 | Reached skill level 22 in Invocations
 35002 | Vaults:3 | Found Gozag's Antique Armour Emporium.
 35016 | Vaults:3 | Found Gozag's Assorted Antiques.
 35016 | Vaults:3 | Found an opulent altar of Gozag.
 35038 | Vaults:3 | Found Gozag's Assorted Antiques.
 35386 | Vaults:3 | Paralysed by a sphinx for 5 turns
 35488 | Vaults:3 | Found Okugh's Assorted Antiques.
 35533 | Vaults:4 | Paralysed by a sphinx for 5 turns
 35894 | Vaults:5 | Entered Level 5 of the Vaults
 35894 | Vaults:5 | Noticed Margery
 35894 | Vaults:5 | Noticed a hellephant
 35899 | Vaults:5 | Killed Margery
 35904 | Vaults:5 | Noticed a tentacled monstrosity
 35910 | Vaults:5 | Your ally Morun died
 35912 | Vaults:5 | Reached XP level 20. HP: 125/193 MP: 26/35
 35913 | Vaults:5 | Your ally Ugbert died
 35919 | Vaults:5 | Your ally Bogric died
 35921 | Vaults:5 | Killed a hellephant
 35953 | Vaults:5 | Found the +4 robe of Folly {Brill Will-∞ Int+8}
 35958 | Vaults:5 | Identified the staff of Peaq Uva {*Slow rC- Int+7 Air
                  | Earth}
 35965 | Vaults:5 | Identified the +0 helmet of Qeurgh {rElec Will- rCorr
                  | Slay+3}
 36118 | Vaults:5 | Noticed Jory
 36159 | Vaults:5 | Mangled by an ettin

Illustrated notes

Levels and vault maps discovered:
D:1:      dpeg_arrival_morbid_curiosity, layout_basic, serial_shops, shop
D:2:      layout_basic, chequers_ecumenical_altar_simple_redux, uniq_jessica,
          uniq_crazy_yiuf_cottage
D:3:      layout_basic, nicolae_eternal_life
D:4:      layout_cave_pools, nicolae_yredelemnul_ghost_church,
          mainiacjoe_overflow_tiny_flanked, nicolae_overflow_squiral
D:5:      layout_basic, serial_shops, nicolae_shop_stone, shop,
          nicolae_shop_tiny_glass
D:6:      layout_loops_cross, uniq_blork_the_orc
D:7:      layout_basic, minmay_temple_entry_sparse_star, minmay_holes,
          uniq_jeremiah, uniq_menkaure, uniq_prince_ribbit1
D:8:      layout_rooms, minivault_11, uniq_maurice, uniq_psyche
D:9:      lemuel_ice_spiral_2, layout_basic, lemuel_doored_altar,
          due_lair_maze_entry_diamond, kennysheep_pointless_box,
          hangedman_misty_isle
D:10:     minmay_roctagon, layout_cave_pools, enter_bailey_6
D:11:     layout_basic
D:12:     layout_loops_cross, orc_0_dummy, trog_hazing_becter
D:13:     layout_layer_cave, uniq_snorg
D:14:     layout_gridville, david_vaults_1, kennysheep_nub, uniq_kirke
D:15:     grunt_enter_depths_snipers, layout_basic, elyvilon_altar_5
Temple:   nicolae_temple_bog_church
Lair:1:   layout_hall_layers, beast_lair_carwin_7, grunt_megastairs_5,
          uniq_harold, uniq_urug
Lair:2:   layout_roguey, elwin_shoals_entry_stream, spider_nest_entry_web_field,
          serial_bayou_lagoon_b, uniq_amaemon
Lair:3:   layout_roguey
Lair:4:   beargit_carnivore_pack, layout_cave_pods, basic_altar,
          dreamdust_gnoll_shepherd, lemuel_fruit_fields, grunt_megastairs_3
Lair:5:   gammafunk_lair_ancient_temple, layout_gridlike,
          minmay_slime_entry_oklob_open, gammafunk_ghost_split
Shoals:1: layout_shoals, gammafunk_ghost_berserking_beasts
Shoals:2: layout_shoals, serial_shops, nicolae_shop_trees, shop,
          lemuel_centaur_altar
Shoals:3: layout_shoals
Shoals:4: shoals_end_simple, layout_shoals, shoals_ilsuiw_alternative
Spider:1: layout_spider_delve, nicolae_spider_paper_wasps
Spider:2: layout_spider_delve, hangedman_spider_mandibles, uniq_arachne
Spider:3: layout_spider_delve, guppyfry_spider_mini_2, uniq_jorgrun,
          uniq_mlioglotl
Spider:4: grunt_spider_rune_island
Orc:1:    layout_caves, basic_altar, bh_open_orc_temple
Orc:2:    grunt_orc_tribal_feast, layout_diamond_mine, gauntlet_entry_generic,
          nicolae_volcano_entry_batcave
Vaults:1: dpeg_vaults_waves, hangedman_vaults_pinch,
          nicolae_vaults_sealed_display, v_rooms_4, ontoclasm_vaults_hangar,
          vaults_room_fours, layout_vaults_quadrants
Vaults:2: ebering_ghost_rock_garden, nicolae_vaults_closet_pinwheel_5,
          minmay_crypt_entry_simple_box, ontoclasm_vaults_idyll,
          hangedman_vaults_stitches, grunt_vaults_swirl,
          nicolae_vaults_network_barrier, vaults_mumra_bighexcomb,
          nicolae_vaults_closet_pinwheel_5, hangedman_vaults_capsules,
          nicolae_vaults_house_2, nicolae_vaults_tetromino_Z_1,
          nicolae_vaults_apartment_1, vaults_dpeg_encased_lava,
          layout_vaults_omnicross, uniq_xtahua
Vaults:3: nicolae_vaults_doubleplus_tesselated, hangedman_vaults_maws,
          nicolae_vaults_network_periphery, nicolae_vaults_meiosis, v_misc_33,
          vaults_room_pools, vaults_room_semicircle, v_misc_33,
          kennysheep_vaults_gozag_temple, hangedman_vaults_stretched_pinwheel,
          grunt_vaults_hallway_short, vaults_room_semicircle,
          ontoclasm_vaults_hangar, nicolae_vaults_little_squares_4,
          layout_vaults_maze_snakey, serial_shops, nicolae_diamond_shop
Vaults:4: nicolae_vaults_closet_pinwheel_2, nicolae_vaults_two_Ls,
          nicolae_vaults_more_shelving_1, ontoclasm_vaults_ring_small,
          v_misc_28, nicolae_vaults_apartment_2, hangedman_vaults_locks,
          nicolae_vaults_stairing_the_circle, nicolae_vaults_storage_closets_2,
          vaults_dpeg_diagonal, layout_vaults_omnibox, serial_shops, shop,
          uniq_norris
Vaults:5: serial_shops, uniq_jory, uniq_margery
Depths:1: layout_long_grid, nicolae_hell_entry_hellmouth_sunbeams,
          minmay_misc_feat_iff, lightli_gold_pyramid
Depths:2: nzn_winding_woodlands_cross [nzn_winding_woodlands_5x15_zeroes,
          nzn_winding_woodlands_5x15_jagged, nzn_winding_woodlands_5x15_cabin,
          nzn_winding_woodlands_5x15_twine,
          nzn_winding_woodlands_15x15_killbox], layout_basic, enter_ziggurat_d,
          columned_hall_lemuel, rand_demon_pan_entry_9, hell_entry
Depths:3: minmay_ornate_pinched, layout_basic, interstate_on_off, hell_entry,
          serial_shops, nicolae_shop_back_alley_shop, abyss_entry_flame_altar,
          uniq_boris
Depths:4: grunt_zot_entry_gee_three, layout_twisted_cross,
          pf_dread_powers_of_hell, nemelex_lonely_heart_becter, zin_treasury

Skill      XL: |  1  2  3  4  5  6  7  8  9 10 11 12 13 14 15 16 17 18 19 20 |
---------------+-------------------------------------------------------------+-----
Fighting       | 4 5 6 7 8 10 12 13 14 15 16 17 18 19 20 | 20.3
Axes           | 5 6 7 8 10 12 15 16 17 18 | 18.0
Invocations    | 3 7 10 11 13 15 16 18 20 21 22 | 22.8
Shields        | 3 8 14 16 17 18 19 20 21 | 21.2
Armour         | 5 6 8 10 11 12 13 | 13.1
Throwing       | 3 7 |  7.5
Dodging        | 4 |  4.3

Action                     |  1- 3 |  4- 6 |  7- 9 | 10-12 | 13-15 | 16-18 | 19-21 || total
---------------------------+-------+-------+-------+-------+-------+-------+-------++-------
  Melee: Hand axe          |    96 |   213 |   197 |       |       |       |       ||   506
         Unarmed           |       |     3 |       |       |       |       |       ||     3
         Battleaxe         |       |       |    82 |   384 |    47 |       |       ||   513
         Mace              |       |       |    15 |       |       |       |       ||    15
         Broad axe         |       |       |       |       |   566 |   612 |   327 ||  1505
         Lance             |       |       |       |       |       |       |    25 ||    25
  Throw: Boomerang         |       |       |     1 |     1 |       |     8 |       ||    10
         Dart              |       |       |     4 |    11 |     9 |       |       ||    24
         Throwing net      |       |       |       |       |     3 |     1 |       ||     4
 Invoke: Convert to Beogh  |       |       |     1 |       |       |       |       ||     1
         Recall Orcish Fol |       |       |       |    10 |    49 |    95 |    27 ||   181
         Smiting           |       |       |       |     1 |     9 |    18 |     3 ||    31
         Give Item to Name |       |       |       |       |     4 |     4 |     1 ||     9
         Stop Recall       |       |       |       |       |     1 |       |       ||     1
         Resurrection      |       |       |       |       |       |     3 |     1 ||     4
  Evoke: Wand              |       |       |       |     4 |     4 |     1 |       ||     9
         Phial of floods   |       |       |       |       |       |     3 |       ||     3
    Use: Scroll            |     5 |     3 |     6 |    11 |     8 |     5 |     1 ||    39
         Potion            |       |     1 |       |     2 |     3 |     8 |     3 ||    17
   Stab: Paralysed         |       |       |       |     3 |    12 |     2 |       ||    17
         Distracted        |       |       |       |     2 |    14 |    12 |     6 ||    34
         Confused          |       |       |       |     2 |     1 |       |       ||     3
         Held in net/web   |       |       |       |       |     1 |       |       ||     1
 Armour: Robe              |    14 |       |       |       |       |       |       ||    14
         Scale mail        |    26 |       |       |       |       |       |       ||    26
         Ring mail         |     3 |   119 |   181 |   440 |   141 |       |       ||   884
         Plate armour      |    43 |    33 |       |       |       |       |       ||    76
         Skin              |       |    18 |       |       |       |       |       ||    18
         Chain mail        |       |       |       |       |   269 |       |       ||   269
         Swamp dragon scal |       |       |       |       |    63 |   426 |       ||   489
         Gold dragon scale |       |       |       |       |       |    92 |   226 ||   318
  Dodge: Dodged            |    66 |   127 |   183 |   235 |   191 |   309 |    63 ||  1174
  Block: Kite shield       |       |       |       |       |   368 |   384 |       ||   752
         Tower shield      |       |       |       |       |       |   332 |   337 ||   669
         Reflection        |       |       |       |       |       |    16 |    41 ||    57
